 Dungeon Crawl Stone Soup version 0.28-a0-1510-gd0f6b136d3 (webtiles) character file.

Game seed: 13228862123561566587

5587 sanka the Martial Artist (level 10, -2/76 HPs)
             Began as a Gnoll Transmuter on Jan 14, 2022.
             Was a Believer of Okawaru.
             Slain by a tengu warrior (5 damage)
             ... on level 8 of the Dungeon.
             The game lasted 00:17:34 (12464 turns).

sanka the Martial Artist (Gnoll Transmuter)        Turns: 12464, Time: 00:17:34

Health: -2/76      AC:  2    Str: 15    XL:     10   Next: 72%
Magic:  17/21      EV: 30    Int: 17    God:    Okawaru [**....]
Gold:   553        SH:  0    Dex: 18    Spells: 6/24 levels left

rFire   . . .      SeeInvis .     - Unarmed
rCold   . . .      Faith    .   (shield currently unavailable)
rNeg    . . .      Spirit   .   (armour currently unavailable)
rPois   x          Reflect  .   (helmet currently unavailable)
rElec   .          Harm     .   (cloak currently unavailable)
rCorr   .          Rampage  .   (gloves currently unavailable)
Will    .....                   (boots currently unavailable)
Stlth   +++++.....              H - amulet of regeneration
HPRegen 1.02/turn               i - ring of wizardry
MPRegen 0.17/turn               v - +6 ring of strength

@: spider-form, heroic
A: venomous fangs, tiny, (fangs 1), strong nose, distributed training
a: End Transformation, Renounce Religion, Heroism


You were on level 8 of the Dungeon.
You worshipped Okawaru.
Okawaru was pleased with you.
You were a venomous arachnid creature.
You visited 2 branches of the dungeon, and saw 9 of its levels.

You collected 553 gold pieces.


Innate Abilities, Weirdness & Mutations

You are a venomous arachnid creature.
You have poisonous fangs.
You are tiny and dextrous.
Your spellcasting is less reliable in this form.
Your armour is entirely melded.
You are incapable of wielding weapons or throwing items.
((You have very sharp teeth.))
Your uncanny sense of smell can sniff out nearby items.
Your experience applies equally to all skills.


   Skills:
 + Level 6.2(11.2) Fighting
 + Level 5.5(10.5) Short Blades
 + Level 5.5(10.5) Long Blades
 + Level 5.5(10.5) Axes
 + Level 5.5(10.5) Maces & Flails
 + Level 5.5(10.5) Polearms
 + Level 5.5(10.5) Staves
 + Level 5.5(10.5) Slings
 + Level 5.5(10.5) Bows
 + Level 5.5(10.5) Crossbows
 + Level 5.5(10.5) Throwing
 + Level 5.5(10.5) Armour
 + Level 7.3(12.3) Dodging
 + Level 5.5(10.5) Stealth
 + Level 5.5(10.5) Shields
 + Level 8.7(13.7) Unarmed Combat
 + Level 7.5 Spellcasting
 + Level 4.5 Conjurations
 + Level 4.5 Hexes
 + Level 4.5 Summonings
 + Level 4.5 Necromancy
 + Level 4.5 Translocations
 + Level 6.0 Transmutations
 + Level 4.5 Fire Magic
 + Level 4.5 Ice Magic
 + Level 4.5 Air Magic
 + Level 4.5 Earth Magic
 + Level 4.5 Poison Magic
 + Level 6.1 Invocations
 + Level 5.5 Evocations


You had 6 spell levels left.
You knew the following spells:

 Your Spells              Type           Power      Damage    Failure   Level
c - Ice Form              Ice/Tmut       24%        N/A       12%         4
x - Spider Form           Tmut/Pois      24%        N/A       4%          3
y - Wereblood             Tmut           27%        N/A       2%          2
z - Beastly Appendage     Tmut           54%        N/A       1%          1
C - Mephitic Cloud        Conj/Pois/Air  22%        N/A       6%          3
X - Freezing Cloud        Conj/Ice/Air   11%        6-21      32%         5

Your spell library contained the following spells:

 Spells                   Type           Power      Damage    Failure   Level
 Foxfire                  Conj/Fire      88%        2x1d8     2%          1
 Slow                     Hex            88%        N/A       2%          1
 Ensorcelled Hibernation  Hex/Ice        44%        N/A       4%          2
 Static Discharge         Conj/Air       22%        N/A       4%          2
 Ignite Poison            Fire/Tmut/Pois 23%        N/A       5%          3
 Confusing Touch          Hex            22%        N/A       6%          3
 Conjure Flame            Conj/Fire      22%        6-21      6%          3
 Inner Flame              Hex/Fire       22%        N/A       6%          3
 Vampiric Draining        Necr           22%        2d7       6%          3
 Anguish                  Hex/Necr       11%        N/A       16%         4
 Cause Fear               Hex            11%        N/A       16%         4
 Flame Wave               Conj/Fire      22%        2d6       16%         4
 Dragon Form              Tmut           13%        N/A       98%         7
 Dragon's Call            Summ           Unusable   N/A       N/A         9

Inventory:

Hand Weapons
 m - a +0 whip of electrocution (melded)
Missiles
 D - 2 throwing nets {=f}
Armour
 a - a +0 robe
 k - +0 acid dragon scales (melded)
 l - a +0 helmet (melded)
 s - a +0 cloak (melded)
 t - a +0 pair of boots (melded)
 C - +0 steam dragon scales
Jewellery
 e - a ring of protection from fire
 i - a ring of wizardry (left front leg)
 v - a +6 ring of strength (right front leg)
 y - a ring of willpower
 F - a ring of fire
 H - an amulet of regeneration (around neck)
Wands
 g - a wand of iceblast (13)
 p - a wand of charming (13)
 K - a wand of digging (8)
Scrolls
 b - 5 scrolls of teleportation {@r4}
 c - a scroll of fog {unknown}
 f - 2 scrolls of magic mapping
 j - 2 scrolls of noise {!r}
 u - 2 scrolls of amnesia
 x - a scroll of enchant weapon
 A - a scroll of immolation {!r}
 G - a scroll of blinking {unknown}
 I - a scroll of vulnerability {!r}
 J - a scroll of silence {!r}
Potions
 d - 2 potions of attraction {unknown}
 h - 2 potions of mutation {unknown}
 n - 3 potions of brilliance {unknown}
 o - a potion of cancellation {unknown}
 q - a potion of magic {unknown}
 r - 2 potions of curing {@q1}
 w - 2 potions of heal wounds {@q2}
 z - a potion of lignification {unknown}
 B - a potion of resistance {unknown}
 E - a potion of haste {unknown}

Dungeon Overview and Level Annotations

Branches:
Dungeon (8/15)             Temple (1/1) D:7
   Lair: D:8-11

Altars:
Cheibriados
Dithmenos
Elyvilon
Fedhas
Gozag
Hepliaklqana
Makhleb
Nemelex Xobeh
Okawaru
Ru
Trog
Uskayaw
Vehumet
Wu Jian
Xom
Yredelemnul
Zin
The Shining One

Shops:
D:4 (   D:7 :

Annotations:
D:6 3 runed translucent doors, Yorgos's ghost, novice DsBe; incide's ghost, novice MfGl

▒▒▒.▒▒▒ .♣.♣. ▒▒▒ ≈≈≈≈≈ ♣.♣
≈≈≈ ∆ ♣.♣ ≈≈≈ ▒▒.▒▒ ♣.♣
▒...▒ ▒▒▒▒▒ ♣Q♣ ▒▒...▒▒
▒...▒ ♣♣♣♣♣s♣♣♣♣♣ ▒.....▒
▒.<.▒♣♣♣...[÷....♣♣♣▒.....▒
▒.†.▒..................≈..▒
▒...▒♣♣♣.....)..)♣♣♣▒.....▒
▒▒...▒ ♣♣♣♣♣.♣♣♣♣♣ ▒.....▒
▒▒▒▒....▒ ▒♣)♣▒ ▒▒...▒▒
▒.......▒ ♣♣...♣♣ ▒...▒
▒..▒▒...▒♣♣ ♣♣.♣.♣.♣♣
♣♣▒▒▒.▒▒
........▒.♣♣♣(♣♣.♣♣.♣♣♣.▒
♣.♣


You could see a tengu warrior (extremely poisoned).


Message History

You hit the tengu warrior.
The tengu warrior looks as sick as possible!
The tengu warrior is heavily wounded.
The tengu warrior completely misses you.
The tengu warrior pecks you.
* * * LOW HITPOINT WARNING * * *
The tengu warrior claws you!
* * * LOW HITPOINT WARNING * * *
You closely miss the tengu warrior.
The tengu warrior is heavily wounded.
The tengu warrior hits you with a +2 long sword!
* * * LOW HITPOINT WARNING * * *
The tengu warrior barely misses you. The tengu warrior claws you.
* * * LOW HITPOINT WARNING * * *
The tengu warrior blocks your attack.
The tengu warrior is heavily wounded.
The tengu warrior closely misses you. The tengu warrior pecks you.
* * * LOW HITPOINT WARNING * * *
The tengu warrior claws you but does no damage.
You hit the tengu warrior but do no damage.
The tengu warrior looks as sick as possible!
The tengu warrior is severely wounded.
You barely miss the tengu warrior.
The tengu warrior is severely wounded.
The tengu warrior hits you with a +2 long sword!
* * * LOW HITPOINT WARNING * * *
The tengu warrior pecks you.
You die...

Action                   |  1- 3 |  4- 6 |  7- 9 | 10-12 || total
-------------------------+-------+-------+-------+-------++-------
Melee: Unarmed           |   107 |    50 |   277 |   152 ||   586
       Kick              |    23 |     4 |       |       ||    27
       Bite              |     8 |    12 |     1 |       ||    21
       Headbutt          |    13 |     2 |       |       ||    15
       Whip              |       |    74 |    17 |     1 ||    92
       Punch             |       |     3 |       |       ||     3
 Cast: Beastly Appendage |    28 |     5 |       |       ||    33
       Spider Form       |       |     6 |    40 |    18 ||    64
Invok: Reject Sacrifices |       |       |     1 |       ||     1
       Heroism           |       |       |       |     3 ||     3
  Use: Potion            |       |       |     5 |       ||     5
       Scroll            |       |       |       |     8 ||     8
 Stab: Sleeping          |       |     3 |     3 |     2 ||     8
Armor: Robe              |    19 |    12 |     2 |     1 ||    34
       Skin              |       |     2 |     9 |     4 ||    15
Dodge: Dodged            |    63 |    90 |   295 |   172 ||   620

Levels and vault maps discovered:
D:1:      saegor_arrival_simple_e, layout_loops_ring,
          shapermc_ecumenical_altar_totnotflames, minmay_circled_x
D:2:      layout_basic, serial_rivers, chequers_serial_rivers_micro_e,
          chequers_serial_rivers_micro_a, chequers_serial_rivers_micro_b,
          chequers_serial_rivers_micro_b, chequers_serial_rivers_room_a,
          chequers_serial_rivers_room_a
D:3:      layout_basic, chequers_temple_overflow_minitemple, solitary_fountain,
          minmay_shallow_snake_nest
D:4:      layout_loops_corners, nicolae_ru_the_path_less_chosen,
          xom_redecorated, serial_shops, nicolae_stop_n_shop_2
D:5:      layout_basic, dk_noncrumbling_2, grunt_ministairs_14,
          hangedman_decor_points, uniq_edmund, uniq_ijyb, uniq_pikel
D:6:      kennysheep_kobold_camp, layout_basic, gammafunk_ghost_cemetery,
          st_stairs_1, grunt_decor_fettered
D:7:      layout_loops_corners, mainiacjoe_overflow_swirl,
          minmay_temple_entry_steel_oval, serial_shops, shop_fountains,
          hangedman_feature_mirror, st_stairs_6, hangedman_decor_lopped
D:8:      nzn_winding_woodlands_three_and_one
          [nzn_winding_woodlands_5x15_sawtooth,
          nzn_winding_woodlands_5x15_default,
          nzn_winding_woodlands_5x15_river_crossing,
          nzn_winding_woodlands_center_garden], layout_rooms
Temple:   dpeg_three_leaves_temple

Notes
Turn   | Place    | Note
-------+----------+-------------------------------------------
     0 | D:1      | sanka the Gnoll Transmuter began the quest for the Orb.
     0 | D:1      | Reached XP level 1. HP: 17/17 MP: 6/6
    48 | D:1      | Reached XP level 2. HP: 19/23 MP: 5/7
   393 | D:1      | Reached XP level 3. HP: 28/28 MP: 7/9
   440 | D:1      | Learned a level 2 spell: Wereblood
   444 | D:1      | Learned a level 3 spell: Spider Form
   589 | D:1      | Reached skill level 5 in Spellcasting
   888 | D:1      | Found a faded altar of an unknown god.
   920 | D:1      | Reached skill level 1 in Invocations
  1324 | D:2      | Reached skill level 1 in Short Blades
  1324 | D:2      | Reached skill level 1 in Long Blades
  1324 | D:2      | Reached skill level 1 in Axes
  1324 | D:2      | Reached skill level 1 in Maces & Flails
  1324 | D:2      | Reached skill level 1 in Polearms
  1324 | D:2      | Reached skill level 1 in Staves
  1324 | D:2      | Reached skill level 1 in Slings
  1324 | D:2      | Reached skill level 1 in Bows
  1324 | D:2      | Reached skill level 1 in Crossbows
  1324 | D:2      | Reached skill level 1 in Throwing
  1324 | D:2      | Reached skill level 1 in Armour
  1324 | D:2      | Reached skill level 1 in Stealth
  1324 | D:2      | Reached skill level 1 in Shields
  1324 | D:2      | Reached skill level 1 in Evocations
  1902 | D:2      | Reached XP level 4. HP: 34/34 MP: 9/11
  2659 | D:3      | Noticed a phantom
  2676 | D:3      | Killed a phantom
  2677 | D:3      | Reached skill level 1 in Conjurations
  2677 | D:3      | Reached skill level 1 in Hexes
  2677 | D:3      | Reached skill level 1 in Summonings
  2677 | D:3      | Reached skill level 1 in Necromancy
  2677 | D:3      | Reached skill level 1 in Translocations
  2677 | D:3      | Reached skill level 1 in Fire Magic
  2677 | D:3      | Reached skill level 1 in Ice Magic
  2677 | D:3      | Reached skill level 1 in Air Magic
  2677 | D:3      | Reached skill level 1 in Earth Magic
  2677 | D:3      | Reached skill level 1 in Poison Magic
  2677 | D:3      | Reached XP level 5. HP: 34/40 MP: 9/12
  2932 | D:3      | Reached skill level 3 in Fighting
  3013 | D:3      | Reached skill level 4 in Transmutations
  3344 | D:3      | Found a blossoming altar of Fedhas.
  3344 | D:3      | Found a bloodstained altar of Trog.
  3350 | D:3      | Found a faded altar of an unknown god.
  3352 | D:3      | Found a basalt altar of Yredelemnul.
  3354 | D:3      | Found a sparkling altar of Nemelex Xobeh.
  4106 | D:4      | Found a shimmering altar of Xom.
  4108 | D:4      | Found a shimmering altar of Xom.
  4119 | D:4      | Found a shimmering altar of Xom.
  4120 | D:4      | Found a shimmering altar of Xom.
  4121 | D:4      | Found a shimmering altar of Xom.
  4124 | D:4      | Found a shimmering altar of Xom.
  4288 | D:4      | Noticed a phantom
  4302 | D:4      | Killed a phantom
  4303 | D:4      | Reached skill level 2 in Invocations
  4303 | D:4      | Reached XP level 6. HP: 38/47 MP: 10/14
  4484 | D:4      | Reached skill level 2 in Short Blades
  4484 | D:4      | Reached skill level 2 in Long Blades
  4484 | D:4      | Reached skill level 2 in Axes
  4484 | D:4      | Reached skill level 2 in Maces & Flails
  4484 | D:4      | Reached skill level 2 in Polearms
  4484 | D:4      | Reached skill level 2 in Staves
  4484 | D:4      | Reached skill level 2 in Slings
  4484 | D:4      | Reached skill level 2 in Bows
  4484 | D:4      | Reached skill level 2 in Crossbows
  4484 | D:4      | Reached skill level 2 in Throwing
  4484 | D:4      | Reached skill level 2 in Armour
  4484 | D:4      | Reached skill level 5 in Dodging
  4484 | D:4      | Reached skill level 2 in Stealth
  4484 | D:4      | Reached skill level 2 in Shields
  4484 | D:4      | Reached skill level 2 in Evocations
  4521 | D:4      | Got the Guide on Lightness and Moulding
  4708 | D:4      | Found Fanout's Antique Weapon Boutique.
  5151 | D:4      | Found a sacrificial altar of Ru.
  5214 | D:4      | Became a worshipper of Ru the Awakened
  5237 | D:5      | Entered Level 5 of the Dungeon
  5269 | D:5      | Noticed a necrophage
  5281 | D:5      | Killed a necrophage
  5282 | D:5      | Reached XP level 7. HP: 50/52 MP: 12/15
  5326 | D:5      | Reached skill level 7 in Unarmed Combat
  5329 | D:5      | Noticed Edmund
  5331 | D:5      | Reached skill level 2 in Conjurations
  5331 | D:5      | Reached skill level 2 in Hexes
  5331 | D:5      | Reached skill level 2 in Summonings
  5331 | D:5      | Reached skill level 2 in Necromancy
  5331 | D:5      | Reached skill level 2 in Translocations
  5331 | D:5      | Reached skill level 2 in Fire Magic
  5331 | D:5      | Reached skill level 2 in Ice Magic
  5331 | D:5      | Reached skill level 2 in Air Magic
  5331 | D:5      | Reached skill level 2 in Earth Magic
  5331 | D:5      | Reached skill level 2 in Poison Magic
  5440 | D:5      | Killed Edmund
  5589 | D:5      | Reached skill level 3 in Invocations
  5686 | D:5      | Reached XP level 8. HP: 60/60 MP: 12/16
  5730 | D:5      | Learned a level 4 spell: Ice Form
  5748 | D:5      | Reached skill level 4 in Fighting
  5748 | D:5      | Reached skill level 3 in Short Blades
  5748 | D:5      | Reached skill level 3 in Long Blades
  5748 | D:5      | Reached skill level 3 in Axes
  5748 | D:5      | Reached skill level 3 in Maces & Flails
  5748 | D:5      | Reached skill level 3 in Polearms
  5748 | D:5      | Reached skill level 3 in Staves
  5748 | D:5      | Reached skill level 3 in Slings
  5748 | D:5      | Reached skill level 3 in Bows
  5748 | D:5      | Reached skill level 3 in Crossbows
  5748 | D:5      | Reached skill level 3 in Throwing
  5748 | D:5      | Reached skill level 3 in Armour
  5748 | D:5      | Reached skill level 3 in Stealth
  5748 | D:5      | Reached skill level 3 in Shields
  5748 | D:5      | Reached skill level 3 in Evocations
  5898 | D:5      | Reached skill level 6 in Spellcasting
  7061 | D:5      | Noticed Pikel
  7061 | D:5      | Noticed Ijyb
  7080 | D:5      | Killed Ijyb
  7329 | D:5      | Killed Pikel
  7330 | D:5      | Reached skill level 6 in Dodging
  7330 | D:5      | Reached skill level 3 in Conjurations
  7330 | D:5      | Reached skill level 3 in Hexes
  7330 | D:5      | Reached skill level 3 in Summonings
  7330 | D:5      | Reached skill level 3 in Necromancy
  7330 | D:5      | Reached skill level 3 in Translocations
  7330 | D:5      | Reached skill level 5 in Transmutations
  7330 | D:5      | Reached skill level 3 in Fire Magic
  7330 | D:5      | Reached skill level 3 in Ice Magic
  7330 | D:5      | Reached skill level 3 in Air Magic
  7330 | D:5      | Reached skill level 3 in Earth Magic
  7330 | D:5      | Reached skill level 3 in Poison Magic
  7330 | D:5      | Reached skill level 4 in Invocations
  7330 | D:5      | Reached XP level 9. HP: 66/66 MP: 16/18
  7702 | D:6      | Found a runed translucent gate.
  7703 | D:6      | Found a runed translucent gate.
  7704 | D:6      | Found a runed translucent gate.
  7705 | D:6      | Noticed incide's ghost (novice MfGl)
  7707 | D:6      | Noticed Yorgos's ghost (novice DsBe)
  7931 | D:5      | Reached skill level 4 in Short Blades
  7931 | D:5      | Reached skill level 4 in Long Blades
  7931 | D:5      | Reached skill level 4 in Axes
  7931 | D:5      | Reached skill level 4 in Maces & Flails
  7931 | D:5      | Reached skill level 4 in Polearms
  7931 | D:5      | Reached skill level 4 in Staves
  7931 | D:5      | Reached skill level 4 in Slings
  7931 | D:5      | Reached skill level 4 in Bows
  7931 | D:5      | Reached skill level 4 in Crossbows
  7931 | D:5      | Reached skill level 4 in Throwing
  7931 | D:5      | Reached skill level 4 in Armour
  7931 | D:5      | Reached skill level 4 in Stealth
  7931 | D:5      | Reached skill level 4 in Shields
  7931 | D:5      | Reached skill level 4 in Evocations
  8840 | D:6      | Identified +0 steam dragon scales
  8841 | D:6      | Reached skill level 5 in Fighting
  9325 | D:7      | Found a sparkling altar of Nemelex Xobeh.
  9359 | D:7      | Found a staircase to the Ecumenical Temple.
  9367 | Temple   | Entered the Ecumenical Temple
  9458 | Temple   | Fell from the grace of Ru
  9458 | Temple   | Became a worshipper of Warmaster Okawaru
  9500 | D:7      | Reached skill level 8 in Unarmed Combat
  9797 | D:7      | Identified the -2 helmet of Ijoahuj {Will++}
  9849 | D:7      | Found a radiant altar of Vehumet.
  9880 | D:7      | Reached skill level 5 in Invocations
  9885 | D:7      | HP: 6/68 [poisoned by a water moccasin]
 10239 | D:7      | Learned a level 3 spell: Mephitic Cloud
 10250 | D:7      | Learned a level 5 spell: Freezing Cloud
 10276 | D:7      | Found Lumnemm's Book Boutique.
 10353 | D:7      | Found a hazy altar of Hepliaklqana.
 10553 | D:7      | Reached * piety under Okawaru
 10565 | D:7      | Reached skill level 7 in Spellcasting
 10979 | D:7      | Reached skill level 4 in Conjurations
 10979 | D:7      | Reached skill level 4 in Hexes
 10979 | D:7      | Reached skill level 4 in Summonings
 10979 | D:7      | Reached skill level 4 in Necromancy
 10979 | D:7      | Reached skill level 4 in Translocations
 10979 | D:7      | Reached skill level 4 in Fire Magic
 10979 | D:7      | Reached skill level 4 in Ice Magic
 10979 | D:7      | Reached skill level 4 in Air Magic
 10979 | D:7      | Reached skill level 4 in Earth Magic
 10979 | D:7      | Reached skill level 4 in Poison Magic
 10979 | D:7      | Reached XP level 10. HP: 72/74 MP: 17/20
 11135 | D:7      | Found a glowing golden altar of the Shining One.
 11649 | D:8      | Reached skill level 5 in Short Blades
 11649 | D:8      | Reached skill level 5 in Long Blades
 11649 | D:8      | Reached skill level 5 in Axes
 11649 | D:8      | Reached skill level 5 in Maces & Flails
 11649 | D:8      | Reached skill level 5 in Polearms
 11649 | D:8      | Reached skill level 5 in Staves
 11649 | D:8      | Reached skill level 5 in Slings
 11649 | D:8      | Reached skill level 5 in Bows
 11649 | D:8      | Reached skill level 5 in Crossbows
 11649 | D:8      | Reached skill level 5 in Throwing
 11649 | D:8      | Reached skill level 5 in Armour
 11649 | D:8      | Reached skill level 5 in Stealth
 11649 | D:8      | Reached skill level 5 in Shields
 11649 | D:8      | Reached skill level 5 in Evocations
 11937 | D:8      | Reached skill level 7 in Dodging
 12110 | D:8      | Reached skill level 6 in Fighting
 12198 | D:8      | Identified +0 acid dragon scales
 12199 | D:8      | Reached skill level 6 in Transmutations
 12199 | D:8      | Reached skill level 6 in Invocations
 12262 | D:8      | Reached ** piety under Okawaru
 12334 | D:8      | Noticed a tengu warrior
 12464 | D:8      | HP: 3/76 [tengu warrior (15)]
 12464 | D:8      | Slain by a tengu warrior

Vanquished Creatures
  Pikel (D:5)
  A troll (D:8)
  A hornet (D:8)
  A wraith (D:8)
  A wyvern (D:8)
  2 steam dragons
  Edmund (D:5)
  An acid dragon (D:8)
  4 water moccasins
  5 orc warriors
  3 sky beasts
  A hornet zombie (D:8)
  2 necrophages
  An ogre (D:5)
  3 centaurs
  2 lemures (D:4)
  2 phantoms
  5 bullfrogs
  A gnoll sergeant (D:8)
  A kobold brigand (D:6)
  3 scorpions
  A wyvern skeleton (D:7)
  4 killer bees
  A howler monkey (D:4)
  8 wights
  3 centaur zombies
  2 bullfrog zombies (D:5)
  3 hounds
  3 jellies
  2 orc priests (D:5)
  A centaur skeleton (D:6)
  A bullfrog skeleton (D:5)
  2 iguanas
  Ijyb (D:5)
  4 orc wizards
  A killer bee zombie (D:5)
  A howler monkey zombie (D:8)
  11 gnolls
  An adder (D:3)
  2 white imps (D:8)
  An ufetubus (D:4)
  2 worms (D:2)
  4 dart slugs
  13 orcs
  8 ball pythons
  8 bats
  5 endoplasms
  8 giant cockroaches
  6 goblins
  10 hobgoblins
  4 jackals (D:1)
  A quokka (D:2)
  4 frilled lizards
  22 kobolds
  6 rats
196 creatures vanquished.

Vanquished Creatures (others)
  17 plants
  6 withered plants (D:6)
23 creatures vanquished.

Grand Total: 219 creatures vanquished
